[Event "EYCC Open-U16 2019"]
[Site "Bratislava"]
[Date "2019.08.06"]
[Round "5.6"]
[White "Mukhutdinov, Tigran"]
[Black "Subelj, Jan"]
[Result "1/2-1/2"]
[ECO "E04"]
[WhiteElo "2328"]
[BlackElo "2425"]
[Annotator "NA"]
[PlyCount "126"]
[EventDate "2019.08.02"]
[EventType "swiss"]
[EventCountry "SVK"]
[SourceTitle "playchess.com"]
[Source "ChessBase"]
[SourceQuality "1"]
[TimeControl "40/5400+30:1800+30"]

1. d4 Nf6 2. c4 e6 3. g3 d5 4. Bg2 dxc4 5. Nf3 Nc6 6. Qa4 Bb4+ 7. Bd2 Nd5 8. Bxb4 Ndxb4 9. O-O Rb8 10. Nc3 O-O 11. a3 Nd5 12. Qxc4 Nb6 13. Qd3 Qe7 14. Rfd1 Rd8 15. Qc2 Bd7 16. Ne4 Be8 17. Neg5 f5 18. h4 Bh5 19. Qb3 Rd6 20. e3 h6 21. Nh3 Qf6 22. Nf4 Bf7 23. Qc2 g5 24. Nd3 Bh5 25. hxg5 hxg5 26. Re1 Bxf3 27. Bxf3 Nd7 28. b4 e5 29. Bxc6 Rxc6 30. Qb3+ Kg7 31. dxe5 Nxe5 32. Nxe5 Qxe5 33. Rad1 Rf6 34. Rd7+ Kg6 35. Qc4 c6 36. Red1 b5 37. Qd3 a6 38. Ra7 Rbf8 39. Rxa6 Qe7 40. Qd4 Qh7 41. Ra7 Qh5 42. e4 Qf3 43. exf5+ Qxf5 44. Rd2 Re8 45. Qd3 Qxd3 46. Rxd3 Re2 47. f3 Rfe6 48. Rad7 Kf5 49. Rd2 R2e3 50. R7d3 g4 51. Kf2 Re1 52. Rc2 gxf3 53. Rxf3+ Kg4 54. Rf4+ Kg5 55. Rc3 R1e2+ 56. Kf3 Re1 57. Rc5+ Kg6 58. Kg4 R1e3 59. Rg5+ Kh6 60. Kh4 Rxa3 61. Rf8 Re4+ 62. Rg4 Rxg4+ 63. Kxg4 Rc3 1/2-1/2

[Event "EYCC Open-U16 2019"]
[Site "Bratislava"]
[Date "2019.08.06"]
[Round "5.7"]
[White "Ceres, Dragos"]
[Black "Stoyanov, Tsvetan"]
[Result "1/2-1/2"]
[ECO "B40"]
[WhiteElo "2266"]
[BlackElo "2387"]
[Annotator "NA"]
[PlyCount "73"]
[EventDate "2019.08.02"]
[EventType "swiss"]
[EventCountry "SVK"]
[SourceTitle "playchess.com"]
[Source "ChessBase"]
[SourceQuality "1"]
[TimeControl "40/5400+30:1800+30"]

1. e4 c5 2. Nf3 e6 3. d4 cxd4 4. Nxd4 Nf6 5. Nc3 Nc6 6. Ndb5 Bc5 7. Nd6+ Ke7 8. Bf4 e5 9. Nxc8+ Rxc8 10. Bg5 Bb4 11. Qd2 Ke8 12. Bd3 h6 13. Bxf6 gxf6 14. O-O Qa5 15. f4 Nd4 16. fxe5 Qxe5 17. Kh1 h5 18. a3 Ba5 19. Rae1 Kf8 20. g3 h4 21. g4 Ne6 22. Qf2 Bxc3 23. bxc3 Rxc3 24. Qxa7 Nf4 25. Qe3 Nxd3 26. cxd3 Qd6 27. Rd1 Rxa3 28. g5 Ra2 29. Rd2 Rxd2 30. Qxd2 fxg5 31. Qxg5 Rh6 32. Rc1 Qf6 33. Rc8+ Ke7 34. Qc5+ Qd6 35. Qg5+ Qf6 36. Qc5+ Qd6 37. Qg5+ 1/2-1/2

[Event "EYCC Open-U16 2019"]
[Site "Bratislava"]
[Date "2019.08.06"]
[Round "5.8"]
[White "Juksta, Karolis"]
[Black "Suvorov, Alexander"]
[Result "1-0"]
[ECO "E46"]
[WhiteElo "2261"]
[BlackElo "2333"]
[Annotator "NA"]
[PlyCount "163"]
[EventDate "2019.08.02"]
[EventType "swiss"]
[EventCountry "SVK"]
[SourceTitle "playchess.com"]
[Source "ChessBase"]
[SourceQuality "1"]
[TimeControl "40/5400+30:1800+30"]

1. d4 Nf6 2. c4 e6 3. Nc3 Bb4 4. e3 O-O 5. Nge2 Re8 6. a3 Bf8 7. Ng3 d5 8. cxd5 exd5 9. Bd3 a5 10. O-O c6 11. Rb1 Na6 12. Qc2 g6 13. Bd2 Bd7 14. Nce2 Nc7 15. b4 a4 16. f3 Nb5 17. Bxb5 cxb5 18. Qd3 h5 19. Rbc1 Qb6 20. Nc3 Bg7 21. Kh1 Rac8 22. e4 h4 23. Nge2 dxe4 24. fxe4 h3 25. Bg5 hxg2+ 26. Kxg2 Qe6 27. e5 Bc6+ 28. Kg1 Nd5 29. h3 Nxc3 30. Nxc3 Bd5 31. Qe3 Bc4 32. Rf3 Bd5 33. Rf2 Bc4 34. Ne4 Bd5 35. Nf6+ Bxf6 36. Rxc8 Rxc8 37. Bxf6 Kf8 38. Bh4 Kg7 39. Bf6+ Kf8 40. Bh4 Kg7 41. Rf6 Qd7 42. Rd6 Qf5 43. Rxd5 Qb1+ 44. Be1 Rc1 45. Kf1 Qf5+ 46. Kg2 Rd1 47. Qf3 Qxf3+ 48. Kxf3 Rxe1 49. Rxb5 Ra1 50. Rxb7 Rxa3+ 51. Ke4 Kf8 52. Ra7 Ra1 53. b5 Rb1 54. Rxa4 Rxb5 55. Ra3 Ke7 56. Rf3 Rb1 57. Kd5 Rd1 58. Ra3 Kf8 59. Kc5 Ke7 60. Kd5 Kf8 61. Rb3 Rd2 62. Rc3 Rd1 63. Rf3 Ke7 64. Re3 Kd7 65. Rg3 Ke7 66. Re3 Kd7 67. Re4 Ra1 68. Rf4 Ke7 69. h4 Rh1 70. Rg4 Rh2 71. Ke4 Rh1 72. Kf4 Ke6 73. Kg5 Rh2 74. Rf4 Ra2 75. Kh6 Ra7 76. Rf6+ Ke7 77. Kg7 Ke8 78. e6 fxe6+ 79. Kxg6 Re7 80. h5 e5 81. h6 exd4 82. h7 1-0

[Event "EYCC Open-U16 2019"]
[Site "Bratislava"]
[Date "2019.08.06"]
[Round "5.9"]
[White "Milosevic, Milos"]
[Black "Svanda, Ondrej"]
[Result "1-0"]
[ECO "B23"]
[WhiteElo "2312"]
[BlackElo "2234"]
[Annotator "NA"]
[PlyCount "57"]
[EventDate "2019.08.02"]
[EventType "swiss"]
[EventCountry "SVK"]
[SourceTitle "playchess.com"]
[Source "ChessBase"]
[SourceQuality "1"]
[TimeControl "40/5400+30:1800+30"]

1. e4 c5 2. Nc3 Nc6 3. f4 g6 4. Nf3 Bg7 5. a3 e6 6. b4 b6 7. e5 d6 8. Bb5 Nge7 9. Ne4 dxe5 10. fxe5 O-O 11. Nf6+ Kh8 12. Bb2 Nd4 13. Nxd4 cxd4 14. Qf3 Rb8 15. O-O a6 16. Bd3 Nf5 17. Qf4 Bb7 18. Rae1 Rc8 19. Re2 Bh6 20. Qg4 Bg7 21. Rf4 Qc7 22. g3 Rfd8 23. Qh3 h6 24. Bxf5 g5 25. Rf1 exf5 26. Qxf5 Bxf6 27. Qxf6+ Kg8 28. e6 fxe6 29. Qxe6+ 1-0

[Event "EYCC Open-U16 2019"]
[Site "Bratislava"]
[Date "2019.08.06"]
[Round "5.10"]
[White "Sjoberg, Isak"]
[Black "Dudin, Gleb"]
[Result "0-1"]
[ECO "B15"]
[WhiteElo "2182"]
[BlackElo "2283"]
[Annotator "NA"]
[PlyCount "92"]
[EventDate "2019.08.02"]
[EventType "swiss"]
[EventCountry "SVK"]
[SourceTitle "playchess.com"]
[Source "ChessBase"]
[SourceQuality "1"]
[TimeControl "40/5400+30:1800+30"]

1. e4 c6 2. d4 d5 3. Nc3 a6 4. Nf3 Bg4 5. Be2 e6 6. O-O Nf6 7. Bg5 Be7 8. e5 Nfd7 9. Bxe7 Qxe7 10. Ne1 Bf5 11. g4 Bg6 12. f4 h6 13. f5 Bh7 14. fxe6 fxe6 15. Bd3 g5 16. b4 Qxb4 17. Bxh7 Rxh7 18. Qd3 Qe7 19. Rb1 b5 20. Qg6+ Kd8 21. Nd3 Kc7 22. a4 Rg7 23. Qh5 Nb6 24. Rf2 N8d7 25. Rbf1 Rf8 26. Rxf8 Nxf8 27. Qxh6 Nbd7 28. Qh3 Ng6 29. axb5 axb5 30. Qe3 Nh4 31. Ra1 Kb7 32. Nc5+ Nxc5 33. dxc5 d4 34. Qc1 Qxc5 35. Ne4 Qxe5 36. Qa3 Qxe4 37. Qa7+ Kc8 38. Qa8+ Kd7 39. Ra7+ Kd6 40. Qd8+ Kc5 41. Qf8+ Kd5 42. c4+ Kxc4 43. Qf1+ d3 44. Qc1+ Kd5 45. Rd7+ Rxd7 46. Qxg5+ Kd6 0-1

[Event "EYCC Open-U16 2019"]
[Site "Bratislava"]
[Date "2019.08.06"]
[Round "5.11"]
[White "Risteski, Emil"]
[Black "Mis, Mieszko"]
[Result "1/2-1/2"]
[ECO "B12"]
[WhiteElo "2150"]
[BlackElo "2284"]
[Annotator "NA"]
[PlyCount "62"]
[EventDate "2019.08.02"]
[EventType "swiss"]
[EventCountry "SVK"]
[SourceTitle "playchess.com"]
[Source "ChessBase"]
[SourceQuality "1"]
[TimeControl "40/5400+30:1800+30"]

1. e4 c6 2. d4 d5 3. e5 Bf5 4. h4 h6 5. g4 Bd7 6. Be3 e6 7. Nc3 Qb6 8. Na4 Qa5+ 9. c3 b6 10. b4 Bxb4 11. cxb4 Qxb4+ 12. Bd2 Qxd4 13. Nf3 Qxg4 14. h5 Qe4+ 15. Be2 c5 16. Rh4 Bxa4 17. Qxa4+ Qxa4 18. Rxa4 Nc6 19. Rb1 O-O-O 20. Rg4 Nge7 21. Rxg7 Rdf8 22. Bd3 f6 23. exf6 Rxf6 24. Nh4 c4 25. Ng6 Nxg6 26. Rxg6 Rf3 27. Be2 Rh3 28. Rxe6 Nd4 29. Re7 Rh1+ 30. Bf1 Nf3+ 31. Ke2 Nd4+ 1/2-1/2

[Event "EYCC Open-U16 2019"]
[Site "Bratislava"]
[Date "2019.08.06"]
[Round "5.12"]
[White "Ognean, Mihnea-Ionut"]
[Black "Briem, Stephan"]
[Result "1-0"]
[ECO "B01"]
[WhiteElo "2287"]
[BlackElo "2223"]
[Annotator "NA"]
[PlyCount "63"]
[EventDate "2019.08.02"]
[EventType "swiss"]
[EventCountry "SVK"]
[SourceTitle "playchess.com"]
[Source "ChessBase"]
[SourceQuality "1"]
[TimeControl "40/5400+30:1800+30"]

1. e4 d5 2. exd5 Qxd5 3. Nc3 Qd6 4. d4 Nf6 5. Nf3 c6 6. g3 Bf5 7. Bg2 h6 8. O-O e6 9. Ne2 Be7 10. c4 O-O 11. a3 Qd8 12. Nc3 Nbd7 13. Re1 Rc8 14. Bf4 a6 15. Qe2 b5 16. Ne5 Nxe5 17. dxe5 Nd7 18. Rad1 Qc7 19. h4 Nb6 20. Be4 Bxe4 21. Nxe4 Nxc4 22. Nf6+ Kh8 23. Rd7 Qxd7 24. Nxd7 Rfd8 25. Rd1 Rc7 26. Nc5 Rxd1+ 27. Qxd1 Nxb2 28. Qd4 Nc4 29. a4 Na5 30. Bd2 Nc4 31. Nxa6 Rb7 32. Bb4 1-0

[Event "EYCC Open-U16 2019"]
[Site "Bratislava"]
[Date "2019.08.06"]
[Round "5.13"]
[White "Malovanyi, Yulian"]
[Black "Haring, Filip"]
[Result "1-0"]
[ECO "B31"]
[WhiteElo "2204"]
[BlackElo "2334"]
[Annotator "NA"]
[PlyCount "115"]
[EventDate "2019.08.02"]
[EventType "swiss"]
[EventCountry "SVK"]
[SourceTitle "playchess.com"]
[Source "ChessBase"]
[SourceQuality "1"]
[TimeControl "40/5400+30:1800+30"]

1. e4 c5 2. Nf3 Nc6 3. Bb5 g6 4. Bxc6 bxc6 5. O-O Bg7 6. h3 Nh6 7. c3 O-O 8. d4 Qb6 9. Na3 Ba6 10. Re1 cxd4 11. cxd4 c5 12. dxc5 Qxc5 13. Be3 Qh5 14. Bd4 f6 15. Qa4 Bc8 16. Nb5 g5 17. Nxa7 Kh8 18. Qb5 e5 19. Nxc8 Raxc8 20. Be3 g4 21. Bxh6 Bxh6 22. hxg4 Qxg4 23. Nh2 Qg7 24. Rad1 Bf4 25. Nf1 Rg8 26. g3 Rc2 27. Rxd7 Qh6 28. Rd3 Qg5 29. Red1 f5 30. Qb7 Re2 31. Rd7 Qh6 32. Rd8 Bg5 33. Rxg8+ Kxg8 34. Qd5+ Kf8 35. Qc5+ Be7 36. Qc8+ Kg7 37. Qxf5 Rxb2 38. Ne3 Qf6 39. Rd7 Kh8 40. Qxf6+ Bxf6 41. Rf7 Bg5 42. Ng4 Rxa2 43. Rf5 Bd2 44. Rxe5 Bc3 45. Rc5 Bd4 46. Rd5 Bb6 47. Kg2 Kg8 48. Rf5 Kg7 49. Kh3 Re2 50. f3 Re1 51. Nf6 Kg6 52. Kg4 Rh1 53. Nh5 Bd8 54. Nf4+ Kh6 55. Rh5+ Rxh5 56. Nxh5 Bg5 57. f4 Bd8 58. e5 1-0

[Event "EYCC Open-U16 2019"]
[Site "Bratislava"]
[Date "2019.08.06"]
[Round "5.14"]
[White "Kacharava, Nikolozi"]
[Black "Timoshin, Andrei"]
[Result "1-0"]
[ECO "B33"]
[WhiteElo "2431"]
[BlackElo "2154"]
[Annotator "NA"]
[PlyCount "84"]
[EventDate "2019.08.02"]
[EventType "swiss"]
[EventCountry "SVK"]
[SourceTitle "playchess.com"]
[Source "ChessBase"]
[SourceQuality "1"]
[TimeControl "40/5400+30:1800+30"]

1. e4 c5 2. Nf3 Nc6 3. d4 cxd4 4. Nxd4 Nf6 5. Nc3 e5 6. Ndb5 d6 7. Bg5 a6 8. Na3 b5 9. Nd5 Be7 10. Bxf6 Bxf6 11. c3 O-O 12. Nc2 Bg5 13. a4 bxa4 14. Rxa4 a5 15. h4 Bh6 16. Bc4 Kh8 17. Nce3 Bxe3 18. Nxe3 Rb8 19. b3 Ne7 20. O-O g6 21. Nd5 Nxd5 22. Bxd5 Qxh4 23. Rxa5 h5 24. Ra7 Qf6 25. b4 Kg7 26. Qd2 g5 27. Rfa1 h4 28. Rc7 Bg4 29. Raa7 Bh5 30. c4 g4 31. b5 h3 32. Qe3 hxg2 33. Kxg2 Bg6 34. Rd7 Rbd8 35. Rxd8 Rxd8 36. Ra8 Rxa8 37. Bxa8 Qd8 38. Bd5 Qh8 39. b6 Kf6 40. b7 Qb8 41. Qa3 Qh8 42. Qxd6+ Kg5 1-0

[Event "EYCC Open-U16 2019"]
[Site "Bratislava"]
[Date "2019.08.06"]
[Round "5.15"]
[White "Remizov, Yaroslav"]
[Black "Bin-Suhayl, Ieysaa"]
[Result "1-0"]
[ECO "B46"]
[WhiteElo "2357"]
[BlackElo "2084"]
[Annotator "NA"]
[PlyCount "111"]
[EventDate "2019.08.02"]
[EventType "swiss"]
[EventCountry "SVK"]
[SourceTitle "playchess.com"]
[Source "ChessBase"]
[SourceQuality "1"]
[TimeControl "40/5400+30:1800+30"]

1. e4 c5 2. Nf3 e6 3. d4 cxd4 4. Nxd4 Nc6 5. Nc3 a6 6. Be2 Qc7 7. O-O Nf6 8. Be3 Bb4 9. Na4 Be7 10. Nxc6 bxc6 11. Nb6 Rb8 12. Nxc8 Qxc8 13. Bd4 c5 14. Be5 Rb6 15. b3 Nxe4 16. Bxg7 Rg8 17. Be5 Bd6 18. Bxd6 Rxd6 19. Bd3 Qc6 20. Qf3 Nf6 21. Qxc6 Rxc6 22. Rfe1 Ke7 23. f3 d5 24. Kf2 Rd8 25. c4 d4 26. g4 h6 27. h4 a5 28. g5 hxg5 29. hxg5 Nh5 30. Re4 Rb6 31. Rh1 Ng7 32. Rh7 Rg8 33. Re5 Kd6 34. f4 Rbb8 35. Kf3 Rbf8 36. Rh6 Ne8 37. Rd5+ Kc6 38. Be4 Rh8 39. Rf5+ Kd6 40. Rxf7 Rxf7 41. Rxh8 Ke7 42. Bg6 Rf8 43. Rxf8 Kxf8 44. Bxe8 Kxe8 45. Ke4 Kf7 46. a3 Kg6 47. b4 axb4 48. axb4 cxb4 49. Kxd4 e5+ 50. fxe5 Kxg5 51. c5 Kf5 52. c6 Ke6 53. Kc4 Ke7 54. Kxb4 Kd8 55. e6 Ke7 56. c7 1-0

[Event "EYCC Open-U16 2019"]
[Site "Bratislava"]
[Date "2019.08.06"]
[Round "5.16"]
[White "Jazdanovs, Aleksandrs"]
[Black "Veiga, Jose Francisco R P N"]
[Result "0-1"]
[ECO "C88"]
[WhiteElo "2238"]
[BlackElo "2357"]
[Annotator "NA"]
[PlyCount "58"]
[EventDate "2019.08.02"]
[EventType "swiss"]
[EventCountry "SVK"]
[SourceTitle "playchess.com"]
[Source "ChessBase"]
[SourceQuality "1"]
[TimeControl "40/5400+30:1800+30"]

1. e4 e5 2. Nf3 Nc6 3. Bb5 a6 4. Ba4 Nf6 5. O-O Be7 6. Re1 b5 7. Bb3 d6 8. a4 Bd7 9. c3 Na5 10. Bc2 c5 11. d4 Qb8 12. Bg5 Be6 13. d5 Bd7 14. axb5 axb5 15. Bxf6 Bxf6 16. b4 cxb4 17. cxb4 Nc4 18. Nbd2 Nxd2 19. Qxd2 O-O 20. Bd3 Qb7 21. Qb2 Rfc8 22. Nd2 Bd8 23. Rxa8 Rxa8 24. Ra1 Bb6 25. Nb3 Ra4 26. Rxa4 bxa4 27. Nd2 Bd4 28. Qa2 Qxb4 29. Qb1 Bxf2+ 0-1

[Event "EYCC Open-U16 2019"]
[Site "Bratislava"]
[Date "2019.08.06"]
[Round "5.17"]
[White "Boyer, Mahel"]
[Black "Koziorowicz, Michal"]
[Result "1-0"]
[ECO "B20"]
[WhiteElo "2295"]
[BlackElo "1985"]
[Annotator "NA"]
[PlyCount "163"]
[EventDate "2019.08.02"]
[EventType "swiss"]
[EventCountry "SVK"]
[SourceTitle "playchess.com"]
[Source "ChessBase"]
[SourceQuality "1"]
[TimeControl "40/5400+30:1800+30"]

1. e4 c5 2. d3 g6 3. g3 Bg7 4. Bg2 Nc6 5. f4 d6 6. Nf3 e6 7. O-O Nge7 8. c3 O-O 9. Be3 f5 10. Nbd2 b6 11. Re1 Bb7 12. Qc2 Qd7 13. Bf2 Rac8 14. Rad1 h6 15. a4 Kh7 16. Nc4 d5 17. exd5 exd5 18. Nce5 Qd6 19. Nxc6 Nxc6 20. d4 c4 21. Re3 Rce8 22. Ne5 Re6 23. Rde1 Rfe8 24. h4 Bxe5 25. dxe5 Qd7 26. Rd1 Ne7 27. Re2 h5 28. Red2 Bc6 29. Ra1 Ra8 30. Qd1 Qb7 31. Bf3 Kh6 32. a5 bxa5 33. Bc5 Rd8 34. Rxa5 a6 35. Ra2 Nc8 36. Rd4 Na7 37. Kh2 Nb5 38. Rxc4 dxc4 39. Qxd8 Kh7 40. Bd1 Re8 41. Qd2 Qa8 42. Ra1 Rd8 43. Qf2 Qc8 44. Be3 Bb7 45. Bc2 Qc6 46. Rg1 Nc7 47. Qe2 Kh6 48. Ra1 Ba8 49. Qf1 Nd5 50. Bc1 Ne7 51. Ra4 Rc8 52. Be3 Qb7 53. Rb4 Qd5 54. Rb6 Rc6 55. Rb8 Rc8 56. Rb6 Rc6 57. Rb4 Rc7 58. Ra4 Qc6 59. Ra5 Qb7 60. Bc1 Qb6 61. Ra4 Qc6 62. Be3 Qb7 63. Rb4 Qd5 64. Bc1 Qc6 65. Ba4 Qe4 66. Rb6 Bb7 67. Rd6 Nd5 68. Bd1 Ne7 69. Be2 Rc5 70. Rd4 Qc6 71. Bxc4 Ra5 72. Rd6 Qc7 73. Be3 Nc8 74. Rf6 Ba8 75. Bf7 Qb7 76. Bxg6 Ra1 77. Bxf5+ Kg7 78. Rg6+ Kh8 79. Rh6+ Kg8 80. Qc4+ Qf7 81. Qxc8+ Qf8 82. Rh8+ 1-0

[Event "EYCC Open-U16 2019"]
[Site "Bratislava"]
[Date "2019.08.06"]
[Round "5.18"]
[White "Ivanovic, Marko"]
[Black "Tsoi, Dmitry"]
[Result "0-1"]
[ECO "A05"]
[WhiteElo "2267"]
[BlackElo "2314"]
[Annotator "NA"]
[PlyCount "82"]
[EventDate "2019.08.02"]
[EventType "swiss"]
[EventCountry "SVK"]
[SourceTitle "playchess.com"]
[Source "ChessBase"]
[SourceQuality "1"]
[TimeControl "40/5400+30:1800+30"]

1. Nf3 Nf6 2. g3 d6 3. d4 Nbd7 4. c4 e5 5. Nc3 Be7 6. Bg2 O-O 7. O-O c6 8. e4 a5 9. h3 Re8 10. Be3 exd4 11. Nxd4 Nc5 12. Qc2 Qc7 13. Rfe1 Bf8 14. Rad1 Nfd7 15. b3 Nb6 16. a3 a4 17. b4 Nxc4 18. bxc5 dxc5 19. Nde2 Nxe3 20. fxe3 b5 21. Nf4 Be6 22. Nxe6 Rxe6 23. Ne2 c4 24. Nd4 Qxg3 25. Nxe6 fxe6 26. Qd2 Bxa3 27. Qd7 Qe5 28. Rf1 h6 29. Qxc6 Rb8 30. Rd7 Bf8 31. Ra7 Kh7 32. Qd7 Bc5 33. Ra6 Bb6 34. Kh1 c3 35. Qc6 Bc7 36. Rf4 Rd8 37. Ra7 Rd1+ 38. Bf1 Bb8 39. Rb7 Rxf1+ 40. Kg2 Rb1 41. h4 c2 0-1

[Event "EYCC Open-U16 2019"]
[Site "Bratislava"]
[Date "2019.08.06"]
[Round "5.19"]
[White "Fecker, Noah"]
[Black "Kochavi, Ori"]
[Result "1/2-1/2"]
[ECO "B15"]
[WhiteElo "2313"]
[BlackElo "2153"]
[Annotator "NA"]
[PlyCount "38"]
[EventDate "2019.08.02"]
[EventType "swiss"]
[EventCountry "SVK"]
[SourceTitle "playchess.com"]
[Source "ChessBase"]
[SourceQuality "1"]
[TimeControl "40/5400+30:1800+30"]

1. e4 c6 2. d4 d5 3. Nc3 dxe4 4. Nxe4 Nf6 5. Nxf6+ exf6 6. c3 Bd6 7. Bd3 O-O 8. Ne2 Re8 9. O-O Na6 10. Bf4 Nc7 11. Qd2 Bg4 12. f3 Bh5 13. Rfe1 Bg6 14. Bxd6 Qxd6 15. Nf4 c5 16. dxc5 Qxc5+ 17. Qf2 Qd6 18. Bxg6 hxg6 19. Ne2 Re5 1/2-1/2

[Event "EYCC Open-U16 2019"]
[Site "Bratislava"]
[Date "2019.08.06"]
[Round "5.20"]
[White "Geher, Koppany"]
[Black "Niedbala, Bartlomiej"]
[Result "1/2-1/2"]
[ECO "B08"]
[WhiteElo "2211"]
[BlackElo "2152"]
[Annotator "NA"]
[PlyCount "42"]
[EventDate "2019.08.02"]
[EventType "swiss"]
[EventCountry "SVK"]
[SourceTitle "playchess.com"]
[Source "ChessBase"]
[SourceQuality "1"]
[TimeControl "40/5400+30:1800+30"]

1. e4 g6 2. d4 Bg7 3. Nf3 d6 4. Nc3 Nf6 5. Be2 O-O 6. O-O a6 7. a4 Nc6 8. h3 d5 9. e5 Ne4 10. Bd3 Nxc3 11. bxc3 f6 12. exf6 exf6 13. Re1 Re8 14. Rxe8+ Qxe8 15. Bf4 Qf7 16. Rb1 Bf8 17. Qd2 Na5 18. Qe2 c6 19. Nd2 b5 20. axb5 axb5 21. Ra1 Ra7 1/2-1/2

[Event "EYCC Open-U16 2019"]
[Site "Bratislava"]
[Date "2019.08.06"]
[Round "5.21"]
[White "Marn, Jan"]
[Black "Cohen Revivo, Shoham"]
[Result "0-1"]
[ECO "D10"]
[WhiteElo "2215"]
[BlackElo "2254"]
[Annotator "NA"]
[PlyCount "64"]
[EventDate "2019.08.02"]
[EventType "swiss"]
[EventCountry "SVK"]
[SourceTitle "playchess.com"]
[Source "ChessBase"]
[SourceQuality "1"]
[TimeControl "40/5400+30:1800+30"]

1. d4 d5 2. c4 c6 3. cxd5 cxd5 4. Nc3 Nf6 5. Bf4 Nc6 6. e3 Bg4 7. f3 Bf5 8. Qb3 Na5 9. Qa4+ Bd7 10. Qc2 e6 11. Bd3 Rc8 12. Nge2 Be7 13. b3 b5 14. Qb2 b4 15. Nd1 O-O 16. g4 Qb6 17. h4 Bb5 18. Bb1 Bd6 19. g5 Nh5 20. Bxd6 Qxd6 21. f4 g6 22. Rh3 Nc6 23. Nf2 Bxe2 24. Kxe2 Nxf4+ 25. exf4 Qxf4 26. Qd2 Nxd4+ 27. Kd1 Rc1+ 28. Kxc1 Ne2+ 29. Kd1 Qxf2 30. Re3 Qg1+ 31. Kc2 Nc3 32. Kb2 Nd1+ 0-1

[Event "EYCC Open-U16 2019"]
[Site "Bratislava"]
[Date "2019.08.06"]
[Round "5.22"]
[White "Vorisek, Jakub"]
[Black "Bacrot, Alexandre"]
[Result "1-0"]
[ECO "C05"]
[WhiteElo "2071"]
[BlackElo "2265"]
[Annotator "NA"]
[PlyCount "49"]
[EventDate "2019.08.02"]
[EventType "swiss"]
[EventCountry "SVK"]
[SourceTitle "playchess.com"]
[Source "ChessBase"]
[SourceQuality "1"]
[TimeControl "40/5400+30:1800+30"]

1. e4 e6 2. d4 d5 3. Nd2 Nf6 4. e5 Nfd7 5. c3 c5 6. Bd3 Nc6 7. Ne2 Qb6 8. Nf3 h6 9. O-O g5 10. h3 Rg8 11. b3 a5 12. Be3 cxd4 13. cxd4 Ba3 14. Nc3 Be7 15. a4 Na7 16. Nh2 Bb4 17. Nb5 Nxb5 18. Bxb5 Ke7 19. Qh5 Nf8 20. Qxh6 Bd7 21. Bxg5+ Ke8 22. Ng4 Be7 23. Bxe7 Kxe7 24. Qf6+ Ke8 25. Nh6 1-0

[Event "EYCC Open-U16 2019"]
[Site "Bratislava"]
[Date "2019.08.06"]
[Round "5.23"]
[White "Iliaguev, Daniel"]
[Black "Peyrer, Konstantin"]
[Result "1/2-1/2"]
[ECO "A05"]
[WhiteElo "2053"]
[BlackElo "2305"]
[Annotator "NA"]
[PlyCount "70"]
[EventDate "2019.08.02"]
[EventType "swiss"]
[EventCountry "SVK"]
[SourceTitle "playchess.com"]
[Source "ChessBase"]
[SourceQuality "1"]
[TimeControl "40/5400+30:1800+30"]

1. Nf3 Nf6 2. g3 g6 3. Bg2 Bg7 4. O-O O-O 5. d4 d6 6. b3 c5 7. Bb2 Nc6 8. c4 d5 9. Nbd2 dxc4 10. Nxc4 Be6 11. Rc1 Ne4 12. Nfe5 Nxe5 13. dxe5 Bxc4 14. Bxe4 Ba6 15. Rxc5 Qb6 16. Rc2 Rfd8 17. Qc1 Qe6 18. Qf4 Rac8 19. Rxc8 Rxc8 20. Qf3 Qb6 21. Rd1 Rd8 22. Rxd8+ Qxd8 23. Bd3 Qa5 24. Bxa6 Qxa6 25. a4 e6 26. Qd3 Qa5 27. Qc3 Qxc3 28. Bxc3 Kf8 29. Kg2 Ke8 30. Kf3 Kd7 31. Ke4 Bf8 32. Bd4 b6 33. Kd3 Kc6 34. e4 Bb4 35. f4 a6 1/2-1/2

[Event "EYCC Open-U16 2019"]
[Site "Bratislava"]
[Date "2019.08.06"]
[Round "5.24"]
[White "Ongut, Tamas Gunes"]
[Black "Kazmin, Semen"]
[Result "1/2-1/2"]
[ECO "A06"]
[WhiteElo "2158"]
[BlackElo "2193"]
[Annotator "NA"]
[PlyCount "66"]
[EventDate "2019.08.02"]
[EventType "swiss"]
[EventCountry "SVK"]
[SourceTitle "playchess.com"]
[Source "ChessBase"]
[SourceQuality "1"]
[TimeControl "40/5400+30:1800+30"]

1. Nf3 d5 2. g3 Nc6 3. d4 Bf5 4. Bg2 Nb4 5. Na3 e6 6. O-O c5 7. c4 Nf6 8. Ne5 Nc6 9. Qa4 Be7 10. cxd5 exd5 11. Nxc6 Qd7 12. Nxe7 Qxa4 13. Nxf5 O-O 14. dxc5 Rfe8 15. Nd6 Rxe2 16. Nab5 Qb4 17. Nc3 Re7 18. Bf4 d4 19. Ncb5 Qxc5 20. Rad1 Nh5 21. Rxd4 Nxf4 22. Rxf4 a6 23. Rc4 Qxc4 24. Nxc4 axb5 25. Ne3 Rxa2 26. Nd5 Re8 27. b4 Rb2 28. Rc1 h6 29. Bf3 Ra8 30. Bg2 g6 31. h4 Kg7 32. Bf3 Raa2 33. Rf1 Ra3 1/2-1/2

[Event "EYCC Open-U16 2019"]
[Site "Bratislava"]
[Date "2019.08.06"]
[Round "5.25"]
[White "Olsen, Filip Boe"]
[Black "Fuglestein, Sander"]
[Result "1-0"]
[ECO "E08"]
[WhiteElo "2383"]
[BlackElo "1997"]
[Annotator "NA"]
[PlyCount "91"]
[EventDate "2019.08.02"]
[EventType "swiss"]
[EventCountry "SVK"]
[SourceTitle "playchess.com"]
[Source "ChessBase"]
[SourceQuality "1"]
[TimeControl "40/5400+30:1800+30"]

1. d4 Nf6 2. c4 e6 3. g3 d5 4. Nf3 Be7 5. Bg2 O-O 6. Qc2 Nbd7 7. O-O c6 8. b3 b6 9. Rd1 Bb7 10. Nc3 Qc8 11. e4 dxe4 12. Ng5 h6 13. Ngxe4 Rd8 14. Bf4 Nxe4 15. Nxe4 Nf6 16. c5 Nxe4 17. Bxe4 Rd7 18. b4 b5 19. a4 a6 20. Qb3 Qd8 21. Be5 Bf6 22. Qf3 Rc8 23. Bc2 Rd5 24. Qe4 g6 25. Bb3 Rd7 26. h4 h5 27. Bd6 Rxd6 28. cxd6 Qxd6 29. axb5 axb5 30. Rd3 Rc7 31. Rc1 Rd7 32. Rc5 Bxd4 33. Kf1 Kg7 34. f4 Bxc5 35. Rxd6 Bxd6 36. Qd4+ Kf8 37. Qf6 Ke8 38. f5 gxf5 39. Qh8+ Bf8 40. Qxh5 Bxb4 41. Bxe6 Rc7 42. Qh8+ Ke7 43. Bxf7 Rc8 44. Qg7 Bc3 45. Qxc3 Kxf7 46. Qc5 1-0

[Event "EYCC Open-U16 2019"]
[Site "Bratislava"]
[Date "2019.08.06"]
[Round "5.26"]
[White "Svane, Frederik"]
[Black "Minko, Dmitry"]
[Result "1-0"]
[ECO "C45"]
[WhiteElo "2334"]
[BlackElo "2061"]
[Annotator "NA"]
[PlyCount "77"]
[EventDate "2019.08.02"]
[EventType "swiss"]
[EventCountry "SVK"]
[SourceTitle "playchess.com"]
[Source "ChessBase"]
[SourceQuality "1"]
[TimeControl "40/5400+30:1800+30"]

1. e4 e5 2. Nf3 Nc6 3. d4 exd4 4. Nxd4 Bc5 5. Nb3 Bb6 6. Nc3 Nf6 7. Qe2 O-O 8. Be3 Re8 9. f3 d5 10. O-O-O d4 11. Kb1 Be6 12. Na4 Bxb3 13. cxb3 Qd6 14. Bf2 Rad8 15. Nxb6 axb6 16. Qd2 Nh5 17. Bb5 d3 18. g4 Nf6 19. Bg3 Qc5 20. Bxd3 Rd7 21. Qc3 Nd4 22. e5 Nd5 23. Qxd4 Qxd4 24. Bxh7+ Kxh7 25. Rxd4 c5 26. Rd3 Red8 27. Kc1 Nb4 28. Rxd7 Rxd7 29. a3 Nc6 30. Rd1 Nd4 31. Rd3 Re7 32. Kd2 Kg6 33. f4 f5 34. h3 Kf7 35. Bf2 Ne6 36. gxf5 Nxf4 37. e6+ Ke8 38. Rd6 g6 39. Bh4 1-0